 Dungeon Crawl Stone Soup version 0.28.0 (webtiles) character file.

Game seed: 2207945171108576025

436 croobank the Chopper (level 7, -6/61 HPs)
             Began as a Hill Orc Monk on Feb 12, 2022.
             Killed from afar by a steam dragon (17 damage)
             ... with a ball of steam
             ... on level 5 of the Dungeon.
             The game lasted 00:19:21 (5355 turns).

croobank the Chopper (Hill Orc Monk)                Turns: 5355, Time: 00:19:21

Health: -6/61      AC:  9    Str: 14    XL:     7   Next: 1%
Magic:  7/7        EV:  7    Int: 12    God:
Gold:   163        SH:  0    Dex: 13    Spells: 4/6 levels left

rFire   . . .      SeeInvis .   a - +1 dagger (venom)
rCold   . . .      Faith    .   (no shield)
rNeg    . . .      Spirit   .   o - +0 chain mail
rPois   .          Reflect  .   (no helmet)
rElec   .          Harm     .   (no cloak)
rCorr   .          Rampage  .   n - +0 pair of gloves
Will    +....                   (no boots)
Stlth   ..........              (no amulet)
HPRegen 0.20/turn               w - ring of willpower
MPRegen 0.10/turn               (no ring)

@: brilliant, hasted, very quick
A: no striking features
a: no special abilities


You were on level 5 of the Dungeon.
You visited 1 branch of the dungeon, and saw 5 of its levels.

You collected 163 gold pieces.

Inventory:

Hand Weapons
 a - a +1 dagger of venom (weapon)
 b - a +3 shortbow of venom
 g - a +0 hand axe
 t - a +0 war axe
Missiles
 c - 77 stones
 q - 35 sling bullets
 r - 3 boomerangs (quivered)
 s - 35 arrows
Armour
 h - a +0 leather armour
 i - a +0 ring mail
 j - a +0 robe
 n - a +0 pair of gloves (worn)
 o - a +0 chain mail (worn)
Jewellery
 w - a ring of willpower (left hand)
Wands
 x - a wand of charming (5)
Scrolls
 d - a scroll of silence
Potions
 f - a potion of curing
 p - 2 potions of flight
 u - a potion of mutation {unknown}
 v - a potion of heal wounds {unknown}


   Skills:
 + Level 5.5 Fighting
 + Level 6.1 Axes
 + Level 3.7 Dodging
 + Level 3.4 Stealth


You had 4 spell levels left.
You knew the following spells:

 Your Spells              Type           Power      Damage    Failure   Level
a - Ensorcelled Hibernat  Hex/Ice        0%         N/A       100%        2

Your spell library contained the following spells:

 Spells                   Type           Power      Damage    Failure   Level
 Corpse Rot               Necr/Air       0%         N/A       100%        2
 Passwall                 Tmut/Erth      0%         N/A       100%        2
 Swiftness                Air            0%         N/A       100%        3
 Dispel Undead            Necr           0%         3d6       100%        4
 Death Channel            Necr           0%         N/A       100%        6


Dungeon Overview and Level Annotations

Branches:
Dungeon (5/15)             Temple (0/1) D:5

Altars:
Kikubaaqudgha
Zin


Message History

The steam dragon claws you.
* * * LOW HITPOINT WARNING * * *
You closely miss the steam dragon.
You are engulfed in a cloud of scalding steam.
The steam dragon bites you but does no damage.
The steam dragon claws you but does no damage.
The steam dragon bites you but does no damage.
The steam dragon barely misses you.
You hit the steam dragon.
The steam dragon is poisoned.
The steam dragon is lightly wounded.
The fungus is engulfed in a cloud of scalding steam.
The fungus begins to die.
The fungus is engulfed in a cloud of scalding steam.
The fungus begins to die.
The fungus is engulfed in a cloud of scalding steam.
The fungus begins to die.
Okay, then.
Okay, then.
Okay, then.
As you read the scroll labelled UHEMEAK QUTTOJ, it crumbles to dust.
It is a scroll of brand weapon.
Your +3 shortbow drips with poison.
b - a +3 shortbow of venom The steam dragon bites you but does no damage.
The steam dragon claws you but does no damage.
The steam dragon barely misses you.
The steam dragon claws you but does no damage.
As you read the scroll labelled CUUWACL XULEMP, it crumbles to dust.
You speak a Word of immense power!
It was a scroll of holy word.
The steam dragon bites you!
* * * LOW HITPOINT WARNING * * *
The steam dragon barely misses you.
The steam dragon bites you but does no damage.
The steam dragon claws you but does no damage.
It was a potion of brilliance.
You feel clever all of a sudden.
You feel better.
A nearby fungus withers and dies. x3
The steam dragon breathes steam at you. The ball of steam hits you!
You die...

#.. ....# #..
#...#.# #P.P
....#.## #^..
.......# ##≈.^#
.......## #P≈.PP##
........ ##PP..P.##
...<..# #≈P....@.#
......# #P....DD.#
......## ##......≈#
.......#..#≈≈..≈.##
........#.###P≈.##
......#... ####
......#..#
..........
..†...##..


You could see 2 steam dragons.

Vanquished Creatures
  A centaur (D:4)
  2 hounds
  A jelly (D:4)
  2 orc wizards (D:3)
  A hound skeleton (D:4)
  5 adders
  6 gnolls
  An ufetubus (D:4)
  A worm (D:4)
  3 dart slugs
  8 orcs (D:3)
  12 endoplasms
  A giant cockroach (D:4)
  5 goblins
  8 hobgoblins
  10 jackals
  3 quokkas
  7 ball pythons
  5 bats
  3 frilled lizards (D:1)
  6 kobolds
  5 rats
96 creatures vanquished.

Vanquished Creatures (others)
  3 fungi (D:5)
3 creatures vanquished.

Grand Total: 99 creatures vanquished

Notes
Turn   | Place    | Note
-------+----------+-------------------------------------------
     0 | D:1      | croobank the Hill Orc Monk began the quest for the Orb.
     0 | D:1      | Reached XP level 1. HP: 19/19 MP: 1/1
   196 | D:1      | Reached XP level 2. HP: 26/27 MP: 2/2
   553 | D:1      | Reached XP level 3. HP: 27/33 MP: 3/3
  1550 | D:2      | Reached XP level 4. HP: 21/40 MP: 4/4
  2430 | D:3      | Reached skill level 5 in Axes
  2749 | D:3      | Reached XP level 5. HP: 29/47 MP: 5/5
  3814 | D:3      | Reached skill level 5 in Fighting
  3962 | D:4      | Noticed a centaur
  3975 | D:4      | Killed a centaur
  3976 | D:4      | Reached XP level 6. HP: 46/56 MP: 6/6
  4114 | D:4      | Found a glowing silver altar of Zin.
  4114 | D:4      | Found an ancient bone altar of Kikubaaqudgha.
  4438 | D:4      | Learned a level 2 spell: Ensorcelled Hibernation
  4583 | D:4      | Reached skill level 6 in Axes
  4914 | D:5      | Entered Level 5 of the Dungeon
  5041 | D:5      | Found a staircase to the Ecumenical Temple.
  5053 | D:5      | Noticed a sky beast
  5125 | D:4      | Reached XP level 7. HP: 20/61 MP: 7/7
  5347 | D:5      | Noticed a steam dragon
  5347 | D:5      | Noticed a steam dragon
  5353 | D:5      | HP: 1/61 [steam dragon (7)]
  5355 | D:5      | Killed from afar by a steam dragon

Illustrated notes

Levels and vault maps discovered:
D:1:      heliophobic_arrival_ceremonial_halls, layout_loops_ring
D:2:      layout_basic
D:3:      layout_basic, ebering_dispersal_statue_hall,
          kennysheep_generic_room_13
D:4:      layout_basic, jmf_multi_god_temple
D:5:      kennysheep_steamy, layout_rooms, minmay_temple_entry_tees

Skill      XL: |  1  2  3  4  5  6 |
---------------+-------------------+-----
Fighting       | 4 5 |  5.5
Stealth        | 2 3 |  3.4
Axes           | 5 6 |  6.1
Dodging        | 3 |  3.7

Action                   |  1- 3 |  4- 6 |  7- 9 || total
-------------------------+-------+-------+-------++-------
Melee: Hand axe          |   102 |       |       ||   102
       Dagger            |    15 |   227 |     2 ||   244
       Punch             |       |     3 |       ||     3
 Fire: Shortbow          |       |    18 |       ||    18
Throw: Stone             |       |     1 |       ||     1
       Boomerang         |       |     9 |       ||     9
Evoke: Wand              |       |       |     1 ||     1
  Use: Scroll            |       |     5 |     2 ||     7
       Potion            |       |       |     3 ||     3
 Stab: Sleeping          |     2 |     4 |       ||     6
Armor: Robe              |    13 |    39 |       ||    52
       Chain mail        |       |    46 |    12 ||    58
Dodge: Dodged            |    57 |   136 |     5 ||   198
